Map: Prion Terraces

Players

LiquidTLO (TLO)

  • Race: Zerg Zerg
  • League: Grandmaster

TOP - Winner!

  • Race: Terran Terran

Event: Homestory Cup XII

VOD

Have the link to the VOD?

Description

Time

  • Played on: Dec. 17, 2015, 2:17 p.m.
  • Length: 5:37

All games in this series

Show
View Real Time Build Order
Export as new Build Order

LiquidTLO Zerg 

Build Orders: Hatch First, Zergling Baneling 

Get SALT Encoding   

  12  0:00  Drone  
  13  0:12  Overlord  
  13  0:18  Drone  
  14  0:31  Drone x2  
  16  0:48  Hatchery  
  15  0:53  Drone  
  15  0:55  Drone  
  17  1:02  Extractor  
  16  1:10  Spawning Pool  
  15  1:14  Drone  
  15  1:17  Drone  
  17  1:20  Drone  
  18  1:28  Drone  
  19  1:39  Overlord  
  19  1:56  Queen  
  19  1:57  Zergling x2  
  19  2:01  Queen  
  24  2:02  Zergling x2  
  24  2:06  Metabolic Boost  
  25  2:10  Drone  
  25  2:13  Drone  
  25  2:15  Drone  
  28  2:22  Drone x2  
  30  2:33  Zergling x2  
  30  2:36  Queen  
  32  2:40  Overlord  
  32  2:43  Drone  
  33  2:46  Zergling x2  
  34  2:52  Queen  
  35  2:58  Zergling x4  
  35  3:04  Zergling x2  
  37  3:05  Zergling x2  
  37  3:10  Zergling x2  
  39  3:13  Zergling x4  
  39  3:14  Zergling x2  
  39  3:16  Zergling x2  
  39  3:18  Zergling x2  
  43  3:24  Zergling x2  
  43  3:25  Spine Crawler  
  43  3:33  Zergling x2  
  44  3:35  Overlord  
  43  3:42  Baneling Nest, Zergling x2  
  43  3:51  Overlord  
  43  3:57  Overlord  
  43  3:59  Zergling x2  
  44  4:05  Zergling x4  
  44  4:09  Zergling x2  
  45  4:13  Zergling x4  
  47  4:18  Zergling x2  
  47  4:21  Zergling x2  
  47  4:34  Zergling x2  
  47  4:35  Zergling x2  
  47  4:36  Zergling x2  
  47  4:44  Baneling x2  
  47  4:45  Baneling x7  
  45  4:50  Baneling  
  46  4:52  Zergling x2  
  46  4:53  Zergling x2  
  46  4:55  Zergling x2  
  46  4:59  Zergling x2  
  49  5:01  Baneling  
  49  5:04  Zergling x2  
  51  5:07  Zergling x2  
  51  5:10  Baneling  
  51  5:12  Zergling x2  
  52  5:14  Zergling x2  
Show
View Real Time Build Order
Export as new Build Order

TOP Terran - Winner!

Build Orders:  

Get SALT Encoding   

  12  0:00  SCV  
  13  0:12  SCV  
  14  0:18  Supply Depot  
  14  0:25  SCV  
  15  0:39  SCV  
  15  0:41  Barracks  
  16  0:44  Refinery  
  16  0:51  SCV  
  17  1:01  Barracks  
  17  1:04  SCV  
  18  1:16  SCV  
  19  1:28  Reaper  
  19  1:29  Orbital Command  
  20  1:37  Barracks  
  20  1:48  Supply Depot  
  20  1:52  Reaper  
  21  1:54  Refinery  
  21  1:57  SCV  
  22  2:05  Reaper  
  23  2:10  SCV  
  24  2:22  SCV  
  25  2:25  Reaper  
  26  2:32  Reaper  
  26  2:34  SCV  
  26  2:35  Supply Depot  
  28  2:41  Reaper  
  29  2:46  SCV  
  30  2:57  Reaper  
  31  2:59  SCV  
  31  3:03  Command Center  
  31  3:05  Reaper  
  33  3:17  SCV  
  33  3:20  Reaper  
  34  3:29  Reaper  
  34  3:38  Reaper  
  35  3:44  SCV  
  35  3:53  Reaper  
  35  3:54  Command Center  
  36  3:56  SCV  
  37  4:07  Reaper  
  37  4:08  SCV  
  39  4:16  Barracks x2  
  39  4:20  Orbital Command  
  39  4:23  Reaper  
  40  4:36  Reaper  
  35  4:38  SCV  
  35  4:44  Reaper  
  37  4:45  SCV, Supply Depot  
  37  4:50  SCV  
  39  4:55  Reaper  
  39  4:58  SCV  
  41  5:03  Reaper x2  
  43  5:09  SCV  
  43  5:10  SCV  
Tags
 
Add a new tag
Caveats
  • Supply blocks, unpowered buildings, or Contaminate may cause inaccurate times.
  • Supply counts are checked every 10 seconds.